 Dungeon Crawl Stone Soup version 0.30-a0-374-g95c0257040 (webtiles) character file.

Game seed: 10629262712010850734

354 NinjaNoafa the Ruffian (level 6, 0/59 HPs)
             Began as a Troll Monk on Nov 26, 2022.
             Was a Priest of Wu Jian.
             Slain by a gnoll sergeant
             ... wielding a +1 trident of venom
              (8 damage)
             ... on level 4 of the Dungeon.
             The game lasted 00:04:41 (2866 turns).

NinjaNoafa the Ruffian (Troll Monk)                 Turns: 2866, Time: 00:04:41

Health: 0/59       AC:  4    Str: 20    XL:     6   Next: 35%
Magic:  5/5        EV: 10    Int:  6    God:    Wu Jian [***...]
Gold:   82         SH:  0    Dex: 14    Spells: 5/5 levels left

rFire   . . .      SeeInvis .      - Unarmed
rCold   . . .      Faith    +    (no shield)
rNeg    . . .      Spirit   .    a - +0 robe
rPois   +          Reflect  .    n - +0 hat
rElec   .          Harm     .    (no cloak)
rCorr   .          Rampage  .    (gloves unavailable)
Will    .....                    (boots unavailable)
Stlth   ++........               q - amulet of faith
HPRegen 1.09/turn                w - ring of poison resistance
MPRegen 0.09/turn                (no ring)

@: lethally poisoned (0 -> -1), weakened
A: large, unfitting armour, claws 3, regeneration 1, shaggy fur 1, tough skin 1
a: Renounce Religion, Wall Jump, Serpent's Lash


You were on level 4 of the Dungeon.
You worshipped Wu Jian.
Wu Jian was most pleased with you.
You visited 2 branches of the dungeon, and saw 5 of its levels.

You collected 173 gold pieces.
You spent 91 gold pieces at shops.

Inventory:

Missiles
 c - 31 stones
 d - 13 poisoned darts
 t - 2 large rocks (quivered)
Armour
 a - a +0 robe (worn)
 n - a +0 hat (worn)
Jewellery
 q - an amulet of faith (around neck)
 w - a ring of poison resistance (left claw)
Wands
 y - a wand of mindburst (4)
Scrolls
 f - 2 scrolls of magic mapping {unknown}
 g - 8 scrolls of teleportation
 i - 2 scrolls of fear
 j - 4 scrolls of identify {unknown}
 k - 2 scrolls of blinking {unknown}
 o - a scroll of enchant armour {unknown}
 p - 3 scrolls of noise {unknown}
 s - a scroll of brand weapon {unknown}
 u - a scroll of silence {unknown}
 v - a scroll of enchant weapon {unknown}
Potions
 b - a potion of ambrosia
 e - 6 potions of curing {unknown}
 h - a potion of heal wounds {unknown}
 l - a potion of magic {unknown}
 m - a potion of haste {unknown}
 r - a potion of flight {unknown}
 x - a potion of resistance {unknown}
 z - 2 potions of berserk rage {unknown}


   Skills:
 - Level 2.4 Fighting
 - Level 2.4 Dodging
 - Level 1.0 Stealth
 + Level 7.2 Unarmed Combat


You had 5 spell levels left.
You didn't know any spells.
Your spell library contained the following spells:

 Spells                   Type           Power      Damage    Failure   Level
 Sandblast                Erth           0%         2d4       45%         1
 Passwall                 Tmut/Erth      0%         N/A       58%         2
 Stone Arrow              Conj/Erth      0%         3d7       83%         3
 Summon Guardian Golem    Hex/Summ       0%         N/A       83%         3
 Cause Fear               Hex            0%         N/A       99%         4
 Dragon Form              Tmut           0%         N/A       100%        7
 Orb of Destruction       Conj           0%         9d5       100%        7
 Spellforged Servitor     Conj/Summ      0%         N/A       100%        7
 Dragon's Call            Summ           0%         N/A       100%        9


Dungeon Overview and Level Annotations

Branches:
Dungeon (4/15)             Temple (1/1) D:4

Altars:
Ashenzari
Cheibriados
Dithmenos
Elyvilon
Fedhas
Gozag
Hepliaklqana
Kikubaaqudgha
Makhleb
Nemelex Xobeh
Qazlal
Ru
Sif Muna
Trog
Vehumet
Wu Jian
Yredelemnul
Zin

Shops:
D:1 (   D:3 ?

Annotations:
D:4 1 runed translucent door, purpskrrrp's ghost, amateur DEHu


Innate Abilities, Weirdness & Mutations

You are too large for most types of armour.
You have claws for hands.
Your natural rate of healing is unusually fast.
You are covered in fur. (AC +1)
You have tough skin. (AC +1)


Message History

The orc sings a few bars from the Orcish anthem.
The gnoll bouda barks out a call to the hunt!
The gnolls pick up the pace!
You hear a shout!
There is a huge open gate here.
You throw a large rock.
The large rock hits the gnoll sergeant but does no damage.
The gnoll sergeant barely misses you.
The gnoll sergeant hits you from afar with a +1 trident of venom.
The gnoll barely misses you.
You throw a large rock. The large rock closely misses the orc.
The large rock hits the gnoll sergeant.
The gnoll sergeant is lightly wounded.
The gnoll sergeant hits you from afar with a +1 trident of venom.
The gnoll hits you from afar with a +0 spear!
The orc closely misses you.
The gnoll sergeant hits you but does no damage.
You are poisoned.
The gnoll barely misses you. The orc hits you but does no damage.
The gnoll hits you from afar with a +0 spear.
You throw a large rock. The large rock closely misses the orc.
The large rock hits the gnoll sergeant!
The gnoll sergeant is severely wounded.
You feel very sick.
The gnoll sergeant hits you from afar with a +1 trident of venom.
The gnoll hits you from afar with a +0 spear!
The gnoll hits you from afar with a +0 spear.
The gnoll bouda gazes fiercely through you!
You feel your attacks grow feeble. The orc hits you with a +0 club.
The gnoll sergeant hits you from afar with a +1 trident of venom!
* * * LOW HITPOINT WARNING * * *
The gnoll hits you from afar with a +0 spear.
* * * LOW HITPOINT WARNING * * *
The orc misses you. The orc attacks as you move away!
The orc hits you with a +0 club.
* * * LOW HITPOINT WARNING * * *
You feel sick.
The gnoll sergeant hits you from afar with a +1 trident of venom!
You die...

##'# #....#
...#############''''#############
...#............................#
####≈~~~~~≈~~~~~....~~)~~~~~~~≈≈#
≈≈≈≈≈≈≈≈≈≈≈≈≈≈≈~....~~≈≈≈≈≈≈≈≈≈≈≈
~~≈~~~~~~~~~~≈~~.g..~~≈~≈~~≈~~~~~
...............gg.g..............
##.##.#.....#.##o....#..##.####..
##.##.###<###.##@##.....)#.####..
##.##.###.#...##.#...............
#..[..†.).....##............###..
.....††......###.#.....####.#
#.###.#####+## #.##..>## ##.###..
......# #W!.# #.###.## #.......
####..# #P8P# ......#####..###..
#..# ##### .............# #..
#..# ...#.######.###..


You could see a gnoll sergeant (swift), a gnoll bouda, 2 gnolls and an orc.

Vanquished Creatures
  3 hounds
  2 iguanas (D:4)
  4 gnolls (D:4)
  5 adders
  An ufetubus (D:4)
  2 worms
  2 dart slugs (D:3)
  7 orcs
  10 endoplasms
  3 giant cockroaches
  9 goblins
  11 hobgoblins
  6 jackals
  6 kobolds
  5 quokkas
  9 ball pythons
  10 bats
  3 frilled lizards
  5 rats
103 creatures vanquished.

Vanquished Creatures (others)
  2 withered plants (D:4)
2 creatures vanquished.

Grand Total: 105 creatures vanquished

Notes
Turn   | Place    | Note
-------+----------+-------------------------------------------
     0 | D:1      | NinjaNoafa the Troll Monk began the quest for the Orb.
     0 | D:1      | Reached XP level 1. HP: 22/22 MP: 0/0
   192 | D:1      | Reached XP level 2. HP: 29/29 MP: 1/1
   383 | D:1      | Reached skill level 4 in Unarmed Combat
   415 | D:1      | Found Yse Yxa's Weapon Shop.
   730 | D:2      | Reached XP level 3. HP: 30/36 MP: 2/2
   880 | D:2      | Found a faded altar of an unknown god.
  1553 | D:3      | Identified the +0 whip of the Valley {venom, rPois Str-4
                  | Int+4}
  1597 | D:3      | Reached XP level 4. HP: 43/44 MP: 3/3
  1599 | D:3      | Reached skill level 5 in Unarmed Combat
  1666 | D:3      | Found Puupiman's Magic Scroll Shop.
  1672 | D:3      | Bought a scroll of fear for 52 gold pieces
  1672 | D:3      | Bought a scroll of teleportation for 39 gold pieces
  1840 | D:3      | Reached XP level 5. HP: 39/50 MP: 4/4
  2137 | D:4      | Found a staircase to the Ecumenical Temple.
  2147 | Temple   | Entered the Ecumenical Temple
  2248 | Temple   | Became a worshipper of the Wu Jian Council
  2248 | Temple   | Reached * piety under Wu Jian
  2248 | Temple   | Reached ** piety under Wu Jian
  2360 | D:4      | Reached skill level 6 in Unarmed Combat
  2438 | D:4      | Found a snail-covered altar of Cheibriados.
  2440 | D:4      | Found an ancient bone altar of Kikubaaqudgha.
  2489 | D:4      | Found a runed translucent door.
  2490 | D:4      | Noticed purpskrrrp's ghost (amateur DEHu)
  2498 | D:4      | Reached XP level 6. HP: 33/59 MP: 5/5
  2591 | D:4      | Reached skill level 7 in Unarmed Combat
  2831 | D:4      | Reached *** piety under Wu Jian
  2866 | D:4      | Slain by a gnoll sergeant

Illustrated notes

Levels and vault maps discovered:
D:1:      amcnicky_arrival_single_pillar, layout_basic, serial_shops,
          nicolae_shop_bloodbath_and_beyond
D:2:      layout_basic, ebering_ecumenical_altar_abandoned,
          minmay_stone_trees_small, minmay_crystal_water
D:3:      layout_basic, serial_shops, shop, minmay_joined_circles
D:4:      lemuel_castle_with_subvaults [lemuel_castle_interior_carwin_2],
          layout_loops_ring, mainiacjoe_overflow_catch_the_wave,
          minmay_temple_entry_gardened_gates, gammafunk_ghost_grave,
          minmay_vboxes
Temple:   minmay_temple_bridge_d

Skill      XL: |  1  2  3  4  5  6 |
---------------+-------------------+-----
Unarmed Combat | 4 5 6 7 |  7.2
Fighting       | |  2.4
Dodging        | |  2.4
Stealth        | |  1.0

Action                   |  1- 3 |  4- 6 || total
-------------------------+-------+-------++-------
Melee: Unarmed           |   113 |   142 ||   255
       Punch             |       |     1 ||     1
Throw: Stone             |       |     7 ||     7
       Large rock        |       |     9 ||     9
Invok: Lunge             |       |     7 ||     7
       Whirlwind         |       |     5 ||     5
 Stab: Sleeping          |     4 |     6 ||    10
Armor: Robe              |    31 |    42 ||    73
Dodge: Dodged            |    48 |    79 ||   127

Table legend: (Time is in decaauts)
 A = Elapsed time spent in this place.
 B = Non-inter-level travel time spent in this place.
 C = Inter-level travel time spent in this place.
 D = Time resting spent in this place.
 E = Time spent auto-exploring this place.
 F = Levels seen in this place.
 G = Mean time per level.
                   A        B        C        D        E       F      G
               +--------+--------+--------+--------+--------+-----+--------+
         Total |   2854 |   2686 |    168 |      0 |   2023 |   5 |  570.8 |
       Dungeon |   2680 |   2615 |     65 |      0 |   1961 |   4 |  670.0 |
        Temple |    174 |     71 |    103 |      0 |     62 |   1 |  174.0 |
               +--------+--------+--------+--------+--------+-----+--------+

Top non-repeatable levels by time:
     D:3: 755 daAuts
     D:1: 704 daAuts
     D:2: 658 daAuts
     D:4: 562 daAuts
  Temple: 174 daAuts
